 Dungeon Crawl Stone Soup version 0.25-a0-665-ga69d64035b (webtiles) character file.

Game seed: 13629767059460758460, levelgen mode: deterministic

107 kae the Gusty (level 4, 0/24 HPs)
             Began as a Tengu Air Elementalist on Mar 26, 2020.
             Slain by a jackal (3 damage)
             ... on level 3 of the Dungeon.
             The game lasted 00:03:11 (3034 turns).

kae the Gusty (Tengu Air Elementalist)              Turns: 3034, Time: 00:03:12

Health: 0/24       AC:  2    Str:  8    XL:     4   Next: 85%
Magic:  0/9        EV: 12    Int: 16    God:
Gold:   161        SH:  0    Dex: 15    Spells: 0/8 levels left

rFire    . . .     SeeInvis .   j - staff of wizardry
rCold    . . .     Gourm    .   (no shield)
rNeg     . . .     Faith    .   a - +0 robe
rPois    .         Spirit   .   (helmet restricted)
rElec    .         Reflect  .   (no cloak)
rCorr    .         Harm     .   (no gloves)
MR       .....                  (boots unavailable)
Stlth    ++........             (no amulet)
HPRegen  0.08/turn              (no ring)
MPRegen  0.11/turn              (no ring)

@: very slightly contaminated, lightly drained
A: beak, talons 3
a: no special abilities


You were on level 3 of the Dungeon.
You were not hungry.

You visited 1 branch of the dungeon, and saw 3 of its levels.

You collected 161 gold pieces.

Inventory:

Armour
 a - a +0 robe (worn)
Magical Staves
 j - an uncursed staff of wizardry (weapon)
Scrolls
 d - 3 scrolls of teleportation {unknown}
 f - a scroll of remove curse {unknown}
 g - a scroll of fear {unknown}
 h - a scroll of noise {unknown}
 i - a scroll of amnesia {unknown}
 k - 3 scrolls of identify {unknown}
Potions
 b - 2 potions of heal wounds {unknown}
 e - 2 potions of curing {unknown}
 l - a potion of cancellation {unknown}
 m - a potion of haste {unknown}
 o - a potion of might {unknown}
Comestibles
 c - 7 rations


   Skills:
 - Level 2.1(1.8) Dodging
 - Level 2.0(1.6) Stealth
 + Level 2.8(2.4) Spellcasting
 * Level 4.3(3.9) Conjurations
 + Level 4.9(4.5) Air Magic


You couldn't memorise any spells.
You knew the following spells:

 Your Spells              Type           Power        Failure   Level  Hunger
a - Shock                 Conj/Air       ###.         1%          1    #......
b - Static Discharge      Conj/Air       ###.....     4%          3    ###....
c - Airstrike             Air            ###.......   12%         4    #####..

Your spell library contained the following spells:

 Spells                   Type           Power        Failure   Level  Hunger
 Swiftness                Chrm/Air       #.......     4%          2    ###....
 Lightning Bolt           Conj/Air       ###.......   34%         5    ######.


Dungeon Overview and Level Annotations

Branches:
Dungeon (3/15)

Altars:
Kikubaaqudgha
Makhleb
Xom


Innate Abilities, Weirdness & Mutations

You have a beak for a mouth.
You have claws for feet.


Message History

You are too injured to fight recklessly!
You hit the jackal. Your kick misses the jackal. Your peck misses the jackal.
The jackal is heavily wounded.
The jackal barely misses you. The quokka misses you.
The jackal bites you but does no damage.
The quokka bites you.
* * * LOW HITPOINT WARNING * * *
You barely miss the jackal.
The jackal is heavily wounded.
The jackal bites you but does no damage.
The quokka bites you but does no damage.
The jackal barely misses you.
You hit the jackal.
The jackal is severely wounded.
The quokka bites you.
* * * LOW HITPOINT WARNING * * *
The jackal closely misses you.
The quokka bites you but does no damage.
The jackal bites you.
You die...

.....####....##### .#.#
#...........#
.#.###...........#
....##...........#
....#.รท..........#
###.#............#
###..............# ###
..###............###.....
....##..........@hg....).
..#..#####.###.#).r......
.............#.#.........
..P....####P.#.#.........
.####..+ ..#.#.........
.#..#..# #.......$.
.#.)#..#### #.........
.#'##..#..# ...$..?...
.......'..#


You could see a quokka, a jackal and a goblin.

Vanquished Creatures
  5 adders
  4 worms
  2 orcs (D:3)
  A ball python (D:2)
  A giant cockroach (D:2)
  8 goblins
  6 hobgoblins
  6 jackals (D:3)
  6 kobolds
  A frilled lizard (D:2)
  8 rats
48 creatures vanquished.

Notes
Turn   | Place    | Note
-------+----------+-------------------------------------------
     0 | D:1      | kae the Tengu Air Elementalist began the quest for the Orb.
     0 | D:1      | Reached XP level 1. HP: 10/10 MP: 4/4
   246 | D:1      | Reached XP level 2. HP: 15/15 MP: 3/6
   679 | D:2      | Found an ancient bone altar of Kikubaaqudgha.
  1184 | D:2      | Reached XP level 3. HP: 19/19 MP: 0/7
  1658 | D:2      | Found a faded altar of an unknown god.
  1760 | D:2      | Found a burning altar of Makhleb.
  1764 | D:2      | Found a shimmering altar of Xom.
  2067 | D:3      | Reached XP level 4. HP: 24/24 MP: 4/8
  2202 | D:3      | Learned a level 3 spell: Static Discharge
  2207 | D:3      | Learned a level 4 spell: Airstrike
  3034 | D:3      | Slain by a jackal

Levels and vault maps discovered:
D:1:      dpeg_arrival_tiny_g, layout_rooms, serial_corexii_hall,
          corexii_hall_statues_t, chequers_hall_statues_y,
          corexii_hall_statues_l, corexii_hall_statues_i,
          corexii_hall_statues_s, chequers_hall_statues_wall_a
D:2:      layout_loops_ring, minitemple, kiku_gazebo_pond_becter,
          chequers_ecumenical_altar_island
D:3:      corexii_shack_village, layout_basic, hangedman_glass_teeth

Skill      XL: |  1  2  3  4 |
---------------+-------------+-----
Conjurations   | 2 3 4 |  4.3
Dodging        | |  2.1
Stealth        | |  2.0
Spellcasting   | |  2.8
Air Magic      | |  4.9

Action                   |  1- 3 |  4- 6 || total
-------------------------+-------+-------++-------
Melee: Unarmed           |    17 |       ||    17
       Peck              |     2 |       ||     2
       Kick              |     3 |       ||     3
       Staff             |       |    10 ||    10
 Cast: Shock             |    82 |    56 ||   138
 Stab: Sleeping          |       |     1 ||     1
  Eat: Ration            |     1 |       ||     1
       Chunk             |       |     5 ||     5
Armor: Robe              |     2 |     5 ||     7
Dodge: Dodged            |    18 |    15 ||    33

Table legend:
 A = Non-vault XP
 B = Vault XP
 C = Vault XP percentage of total XP
 D = Non-vault monster count
 E = Vault monster count
 F = Vault count percentage of total count
                 A         B        C        D         E       F
            +---------+---------+-------+---------+---------+-------
      Total |     144 |       9 |   5.9 |      42 |       6 |  12.5
            +---------+---------+-------+---------+---------+-------
        D:1 |      16 |       0 |   0.0 |       9 |       0 |   0.0
        D:2 |      60 |       0 |   0.0 |      17 |       0 |   0.0
        D:3 |      68 |       9 |  11.7 |      16 |       6 |  27.3
            +---------+---------+-------+---------+---------+-------
